Map: Acid Plant LE

Players

SpeCial - Winner!

  • Race: Terran Terran
  • Spawn Location: 5:00

uThermal

  • Race: Terran Terran
  • Spawn Location: 11:00

Event: WCS Leipzig 2018

VOD

Have the link to the VOD?

Description

Time

  • Played on: Jan. 27, 2018, 9:11 a.m.
  • Length: 11:29

All games in this series

Show
View Real Time Build Order
Export as new Build Order

SpeCial Terran - Winner!

Build Orders: 1/1/1, Cyclone Opening 

Get SALT Encoding   

  12  0:00  SCV  
  13  0:12  SCV  
  14  0:17  Supply Depot  
  14  0:25  SCV  
  14  0:28  Refinery  
  15  0:38  SCV  
  16  0:44  Barracks  
  16  0:50  SCV  
  16  0:54  Refinery  
  17  1:02  SCV  
  18  1:15  SCV  
  19  1:32  Orbital Command, Factory  
  19  1:34  Reaper  
  20  1:46  Supply Depot  
  20  1:58  SCV  
  21  2:06  Reaper  
  22  2:10  SCV  
  23  2:16  Starport  
  23  2:18  Hellion  
  23  2:22  SCV  
  26  2:27  Supply Depot  
  26  2:34  SCV  
  26  2:36  Liberator  
  27  2:41  Cyclone  
  30  2:46  SCV  
  31  2:58  SCV  
  35  3:10  SCV  
  36  3:17  Barracks Reactor  
  39  3:26  Supply Depot  
  39  3:31  SCV  
  37  3:41  Command Center  
  37  3:43  SCV  
  38  3:55  SCV  
  39  4:07  SCV, Command Center  
  39  4:08  Cyclone  
  43  4:15  Cyclone  
  46  4:19  SCV  
  46  4:20  Supply Depot  
  47  4:25  Liberator  
  45  4:31  SCV  
  45  4:43  SCV  
  49  4:47  Cyclone  
  49  4:50  Cyclone  
  55  4:56  SCV  
  55  4:59  Orbital Command  
  56  5:08  SCV  
  57  5:14  Refinery x2  
  57  5:20  SCV  
  58  5:22  Cyclone x2  
  58  5:24  SCV  
  65  5:32  SCV  
  66  5:36  SCV  
  66  5:37  Supply Depot  
  67  5:44  SCV  
  67  5:46  Orbital Command  
  67  5:48  SCV  
  69  5:54  Cyclone x2  
  69  5:56  SCV  
  73  6:00  SCV, Supply Depot  
  74  6:07  Factory  
  74  6:08  SCV  
  74  6:09  Barracks Reactor  
  75  6:14  SCV  
  75  6:18  SCV  
  77  6:20  SCV  
  78  6:26  SCV, Cyclone x2  
  78  6:30  SCV  
  78  6:32  SCV  
  81  6:36  Supply Depot  
  82  6:42  SCV  
  82  6:44  SCV  
  83  6:48  Orbital Command  
  83  6:49  Liberator  
  78  6:54  SCV  
  78  6:58  Cyclone x2  
  78  6:59  SCV  
  85  7:06  SCV  
  89  7:11  SCV  
  89  7:14  Armory  
  89  7:15  Armory  
  90  7:16  SCV  
  90  7:18  Refinery, SCV  
  92  7:23  Cyclone  
  92  7:24  SCV  
  92  7:28  SCV  
  92  7:29  Refinery  
  97  7:30  SCV  
  97  7:32  Cyclone  
  97  7:34  Supply Depot  
  97  7:36  SCV  
  99  7:40  SCV  
  99  7:42  Liberator  
  99  7:43  SCV  
  97  7:44  Cyclone  
  97  7:48  SCV  
  98  7:52  SCV  
  98  7:55  SCV  
  98  7:58  Hellion x2  
  104  8:00  SCV  
  104  8:04  SCV  
  109  8:07  SCV, Terran Vehicle Weapons Level 1  
  109  8:08  Terran Vehicle And Ship Armor Level 1  
  109  8:12  SCV  
  111  8:14  Cyclone  
  111  8:16  SCV, Supply Depot  
  111  8:19  SCV  
  115  8:24  SCV  
  114  8:28  SCV, Liberator  
  114  8:31  SCV  
  116  8:35  Factory  
  116  8:36  SCV, Factory  
  116  8:40  Factory  
  116  8:41  SCV  
  118  8:43  SCV  
  118  8:45  Supply Depot x2  
  122  8:48  SCV  
  122  8:53  SCV, Supply Depot  
  122  8:55  SCV, Cyclone  
  128  8:57  Cyclone  
  128  9:00  SCV  
  132  9:05  SCV  
  132  9:06  Cyclone  
  132  9:07  SCV  
  135  9:12  SCV, Engineering Bay  
  135  9:16  Supply Depot  
  136  9:17  SCV  
  136  9:19  SCV  
  137  9:25  SCV  
  137  9:29  SCV  
  136  9:31  Hellion x3, SCV, Factory Tech Lab  
  136  9:32  Factory Tech Lab  
  136  9:33  Factory Tech Lab  
  136  9:35  Supply Depot  
  136  9:37  SCV, Starport Reactor  
  137  9:50  Hellion, Missile Turret  
  137  9:52  Command Center, Siege Tank x3  
  148  9:59  Hellion x3  
  152  10:08  Infernal Pre-Igniter  
  152  10:11  Hellion  
  151  10:18  Supply Depot  
  151  10:19  Supply Depot x2  
  151  10:20  Hellion x2  
  151  10:21  Hellion  
  157  10:24  Siege Tank  
  157  10:25  Viking  
  157  10:26  Viking  
  167  10:32  Missile Turret  
  167  10:33  Hellion  
  167  10:35  Siege Tank  
  172  10:41  Hellion  
  172  10:42  Hellion  
  173  10:44  SCV  
  173  10:45  SCV  
  173  10:47  Supply Depot  
  174  10:54  Hellion  
  174  10:56  Viking  
  175  10:59  Hellion x2  
  154  11:04  SCV  
  141  11:16  SCV x2  
Show
View Real Time Build Order
Export as new Build Order

uThermal Terran 

Build Orders: Reaper Expand 

Get SALT Encoding   

  12  0:01  SCV  
  13  0:13  SCV  
  14  0:17  Supply Depot  
  14  0:25  SCV  
  15  0:38  SCV  
  15  0:39  Barracks  
  16  0:43  Refinery  
  16  0:51  SCV  
  17  1:03  SCV  
  18  1:15  SCV  
  19  1:26  Reaper  
  19  1:27  Orbital Command  
  20  1:39  Command Center  
  20  1:49  Supply Depot  
  20  1:52  SCV  
  21  1:58  Marine  
  22  2:05  SCV  
  22  2:06  Factory  
  23  2:12  Refinery  
  23  2:17  SCV  
  23  2:20  Barracks Reactor  
  24  2:29  SCV  
  25  2:41  SCV  
  26  2:51  Orbital Command  
  26  2:53  SCV  
  27  3:02  Cyclone  
  27  3:05  SCV, Cyclone  
  34  3:17  SCV x2  
  33  3:26  Starport  
  33  3:29  SCV  
  33  3:31  Supply Depot  
  34  3:34  Hellion  
  34  3:36  SCV  
  34  3:37  Hellion  
  39  3:41  SCV  
  39  3:48  SCV  
  38  3:55  Cyclone  
  38  3:57  SCV  
  38  4:02  Viking  
  43  4:09  SCV  
  42  4:19  Orbital Command  
  42  4:21  SCV, Command Center  
  43  4:33  SCV, Cyclone  
  47  4:45  SCV x2  
  49  4:50  Cyclone  
  51  4:57  SCV  
  52  5:00  Supply Depot  
  52  5:03  Refinery x2, SCV  
  52  5:04  Liberator  
  53  5:09  SCV  
  54  5:18  SCV  
  51  5:22  SCV  
  51  5:26  Supply Depot  
  55  5:30  SCV  
  55  5:32  Cyclone  
  55  5:34  SCV  
  60  5:38  Cyclone  
  60  5:42  SCV  
  64  5:46  SCV  
  65  5:54  SCV  
  66  5:58  SCV  
  66  6:02  Orbital Command  
  67  6:06  SCV  
  67  6:09  Cyclone  
  67  6:11  Cyclone  
  74  6:16  SCV  
  75  6:18  SCV  
  76  6:27  SCV, Refinery  
  76  6:28  SCV  
  76  6:29  Refinery  
  76  6:31  SCV  
  64  6:39  SCV  
  65  6:41  Cyclone  
  65  6:43  Cyclone  
  65  6:46  SCV  
  72  6:48  Liberator  
  72  6:53  SCV x2  
  73  6:58  SCV  
  71  7:05  Supply Depot  
  71  7:06  SCV x2  
  76  7:10  SCV  
  76  7:11  Supply Depot  
  77  7:16  Supply Depot  
  77  7:23  Barracks Reactor  
  77  7:26  SCV, Factory  
  77  7:31  Cyclone  
  77  7:35  Cyclone  
  77  7:36  Liberator  
  76  7:52  SCV  
  76  7:54  SCV  
  76  7:56  SCV  
  82  8:04  SCV  
  82  8:05  Cyclone  
  86  8:07  Cyclone  
  86  8:11  SCV x2, Armory  
  91  8:17  Cyclone  
  91  8:18  Cyclone  
  97  8:21  SCV  
  97  8:22  Supply Depot  
  95  8:27  Liberator  
  95  8:29  SCV  
  94  8:37  Cyclone  
  94  8:38  SCV x2  
  99  8:43  Supply Depot  
  99  8:44  SCV  
  99  8:45  Cyclone  
  99  8:46  Supply Depot  
  106  8:50  Barracks Reactor  
  106  8:52  Factory  
  106  8:53  SCV x2  
  106  8:54  Supply Depot  
  106  8:55  Supply Depot  
  108  8:56  SCV  
  108  9:00  Terran Vehicle Weapons Level 1  
  109  9:05  SCV x2, Supply Depot, Cyclone x2  
  109  9:06  Supply Depot  
  109  9:08  SCV  
  118  9:10  Liberator  
  118  9:13  Supply Depot x2  
  118  9:16  Cyclone  
  121  9:17  SCV  
  121  9:22  SCV x2  
  124  9:27  Cyclone  
  127  9:35  Supply Depot  
  127  9:36  Supply Depot  
  125  9:43  Cyclone  
  125  9:44  Cyclone  
  128  9:46  Cyclone  
  128  9:50  Command Center  
  131  9:56  Cyclone  
  131  9:58  Cyclone  
  127  10:07  Cyclone  
  127  10:10  SCV x2  
  131  10:24  Cyclone  
  131  10:25  SCV  
  131  10:26  SCV, Armory  
  136  10:39  Cyclone x2  
  136  10:41  Supply Depot, Cyclone  
  145  10:49  Cyclone  
  85  11:12  SCV  
  85  11:17  SCV  
Tags
 
Add a new tag
Caveats
  • Supply blocks, unpowered buildings, or Contaminate may cause inaccurate times.
  • Supply counts are checked every 10 seconds.